cohdb
Replays
Latest Replays
All Replays
Popular Replays
Top Player Replays
Match Explorer
How It Works
Community
CoH3 Stats
Reddit
Sign in to upload your games and track your stats! →
Sign in with Steam
Match 41577349
Unlisted
Match 41577349
Overview
Messages
Build Orders
End
Panzerpioneer Squad
250 Light Carrier
250 Light Carrier
Construct Light Support Kompanie
Combat Half-tracks
MG34 Team
Selects Panzerjäger Kommand Battlegroup
Selects Panzerjäger Kommand Battlegroup
Selects Blockade Equipment
MG34 Team
Fire Support Elements
Selects Early Warning
Panzerjäger Mechanized Group
Panzerjäger Squad
2.5-tonne Medical Truck
Flakvierling Half-track
MG34 Team
Panzerjäger Mechanized Group
Selects Butterfly Bomb Drop
Butterfly Bomb Drop
Selects Tank Busters
Selects Crew Shock Tactics
Construct Panzerarmee Kommand
Panzer III L Medium Tank
Crew Shock Tactics
Panzerjäger Mechanized Group
Vehicle Survival Package
Butterfly Bomb Drop
Emergency Repair Kits
Crew Shock Tactics
Panzer III L Medium Tank
MG34 Team
MG34 Team
Panzerjäger Mechanized Group
Armored Reserves
Butterfly Bomb Drop
Panzerpioneer Squad
Butterfly Bomb Drop
Selects Elefant Tank Destroyer
Elefant Tank Destroyer
The101stAirBorne ITA
BamboneWertherone ITA
Capibimbambombolilalone ITA
乌拉
Gear-IV-G
DA☆ZE
0
0
Comments
sign in to comment!
No comments posted yet!